 Dungeon Crawl Stone Soup version 0.24.0-13-gcf9b319 (webtiles) character file.

Game seed: 13479915249839999706, levelgen mode: deterministic

42 Balder the Skirmisher (level 3, 0/29 HPs)
             Began as a Demonspawn Fighter on Dec 30, 2019.
             Slain by Sigmund
             ... wielding a +0 scythe
              (9 damage)
             ... on level 2 of the Dungeon.
             The game lasted 00:03:28 (1511 turns).

Balder the Skirmisher (Demonspawn Fighter)          Turns: 1511, Time: 00:03:28

Health: 0/29       AC:  6    Str: 22    XL:     3   Next: 33%
Magic:  3/3        EV:  7    Int:  9    God:
Gold:   49         SH:  9    Dex: 12    Spells: 2/2 levels left

rFire    . . .     SeeInvis .   a - +0 war axe
rCold    . . .     Gourm    .   c - +0 shield
rNeg     . . .     Faith    .   b - +0 scale mail
rPois    .         Spirit   .   (helmet restricted)
rElec    .         Reflect  .   (no cloak)
rCorr    .         Harm     .   (no gloves)
MR       .....                  (no boots)
Stlth    ..........             (no amulet)
HPRegen  0.09/turn              (no ring)
MPRegen  0.08/turn              (no ring)

@: mighty
A: horns 1
a: no special abilities


You were on level 2 of the Dungeon.
You were not hungry.

You visited 1 branch of the dungeon, and saw 2 of its levels.

You collected 49 gold pieces.

Inventory:

Hand Weapons
 a - a +0 war axe (weapon)
Armour
 b - a +0 scale mail (worn)
 c - a +0 shield (worn)
Jewellery
 e - an uncursed ring of flight {unknown}
Scrolls
 g - 2 scrolls of enchant armour {unknown}
 h - a scroll of enchant weapon {unknown}
 j - a scroll of immolation {unknown}
 l - a scroll of teleportation {unknown}
Potions
 i - a potion of lignification {unknown}
 k - a potion of invisibility {unknown}
Comestibles
 f - 4 rations


   Skills:
 * Level 3.4 Fighting
 * Level 2.2 Axes
 * Level 3.0 Armour
 * Level 0.7 Stealth
 * Level 3.1 Shields


You had 2 spell levels left.
You didn't know any spells.
Your spell library was empty.

Dungeon Overview and Level Annotations

Branches:
Dungeon (2/15)

Altars:

Annotations:
D:2 Sigmund


Innate Abilities, Weirdness & Mutations

You have a pair of small horns on your head.


Message History

Sigmund screams, "Don't try to resist!"
The hobgoblin closely misses you.
You slash the hobgoblin!
You kill the hobgoblin!
Sigmund hits you from afar with a +0 scythe!
Sigmund points at you and mumbles some strange words.
The magic dart hits you.
You feel very mighty all of a sudden.
You barely miss the hobgoblin. You headbutt the hobgoblin.
You kill the hobgoblin!
Sigmund looks at you with fury. Sigmund barely misses you.
Things that are here:
a cursed +0 club; a hobgoblin corpse You closely miss Sigmund.
You headbutt Sigmund, but do no damage. Sigmund hits you with a +0 scythe!
You closely miss Sigmund. You headbutt Sigmund!
Sigmund is moderately wounded.
Sigmund hits you with a +0 scythe!
You die...

. ... #####
#.#..##...#
##.#...#.≈.#
#.....)#.≈.#
#8..)8##......#.≈.###
#.....######..#.≈.#.#
8.....8#......#...#.#
.....##.####@##'##.#
8...8# #@##.##.#
##>## #.......#
####### ####.####
#....# ####.####
#....# #.......#
###.## #.##.##.# #.#
#.##.##>#
#.##########.##.##.#
#.##.......#.##.##.#


You could see Sigmund.

Vanquished Creatures
  An ooze (D:1)
  3 dart slugs (D:1)
  5 bats
  2 giant cockroaches
  2 goblins (D:1)
  8 hobgoblins
  2 jackals (D:1)
  2 frilled lizards (D:1)
  A kobold (D:1)
  2 rats (D:1)
28 creatures vanquished.

Notes
Turn   | Place    | Note
-------+----------+-------------------------------------------
     0 | D:1      | Balder the Demonspawn Fighter began the quest for the Orb.
     0 | D:1      | Reached XP level 1. HP: 18/18 MP: 1/1
     6 | D:1      | Noticed an iguana
     6 | D:1      | Noticed a black bear
     6 | D:1      | Noticed a hound
     7 | D:1      | Noticed a salamander
   175 | D:1      | Gained mutation: You have a pair of small horns on your
                  | head. [demonic ancestry]
   175 | D:1      | Reached XP level 2. HP: 23/24 MP: 2/2
   948 | D:1      | Reached XP level 3. HP: 29/29 MP: 3/3
  1498 | D:2      | Noticed Sigmund
  1511 | D:2      | Slain by Sigmund

Levels and vault maps discovered:
D:1:      onia_arrival_zoo_common, layout_basic
D:2:      layout_loops_cross, nicolae_overflow_hidden_temple, dk_vineyard_2,
          minmay_tiny_reverse_x, uniq_sigmund

Skill      XL: |  1  2  3 |
---------------+----------+-----
Axes           | 2 |  2.2
Shields        | 3 |  3.1
Armour         | 3 |  3.0
Fighting       | |  3.4
Stealth        | |  0.7

Action                   || total
-------------------------++-------
Melee: War axe           ||    97
       Headbutt          ||    17
  Use: Potion            ||     1
  Eat: Chunk             ||     2
Armor: Scale mail        ||    47
Dodge: Dodged            ||    24
Block: Shield            ||    56
